 Dungeon Crawl Stone Soup version 0.30-a0-1043-g60ff8d5f49 (webtiles) character file.

Game seed: 3395586067831715619

494 BlueFish the Sneak (level 7, -4/45 HPs)
             Began as an Octopode Warper on Apr 10, 2023.
             Slain by a gnoll sergeant
             ... wielding a +1 vampiric spear
              (12 damage)
             ... on level 5 of the Dungeon.
             The game lasted 00:08:54 (4218 turns).

BlueFish the Sneak (Octopode Warper)                Turns: 4218, Time: 00:08:54

Health: -4/45      AC:  1    Str: 12    XL:     7   Next: 15%
Magic:  10/11      EV: 13    Int: 15    God:
Gold:   133        SH:  4    Dex: 12    Spells: 2/11 levels left

rFire   . . .      SeeInvis .      - Unarmed
rCold   . . .      Faith    .    j - +0 buckler
rNeg    + . .      Spirit   .    (helmet restricted)
rPois   .          Reflect  .    (no amulet)
rElec   .          Rampage  .    D - ring of positive energy
rCorr   .                        (no ring)
Will    .....                    (no ring)
Stlth   +++                      (no ring)
HPRegen 0.27/turn                (no ring)
MPRegen 0.12/turn                (no ring)
                                 (no ring)
                                 (no ring)

@: no status effects
A: almost no armour, amphibious, 8 rings, camouflage 1, gelatinous body 1,
(nimble swimmer 1), tentacles
a: no special abilities


You were on level 5 of the Dungeon.
You visited 1 branch of the dungeon, and saw 5 of its levels.

You collected 133 gold pieces.

Inventory:

Hand Weapons
 b - a +0 sling
Missiles
 e - 10 poisoned darts
 i - 7 boomerangs of dispersal
 k - 38 stones (quivered)
 u - 5 boomerangs
Armour
 j - a +0 buckler (worn)
 y - a +0 kite shield
Jewellery
 D - a ring of positive energy (left tentacle)
Wands
 n - a wand of flame (9)
Scrolls
 a - a scroll of blinking
 f - 3 scrolls of identify {unknown}
 g - 2 scrolls of immolation {unknown}
 m - a scroll of teleportation {unknown}
 o - a scroll of amnesia {unknown}
 s - 2 scrolls of vulnerability {unknown}
 w - a scroll of summoning {unknown}
 A - a scroll of magic mapping {unknown}
 B - a scroll of fear {unknown}
 C - a scroll of enchant armour {unknown}
Potions
 c - 4 potions of curing {unknown}
 d - 2 potions of brilliance {unknown}
 h - 2 potions of mutation {unknown}
 l - 2 potions of degeneration {unknown}
 p - a potion of ambrosia {unknown}
 q - a potion of cancellation {unknown}
 r - 2 potions of haste {unknown}
 t - 2 potions of heal wounds
 v - 2 potions of flight {unknown}
 x - 2 potions of attraction {unknown}
 z - 2 potions of might {unknown}
 E - a potion of invisibility {unknown}


   Skills:
 + Level 2.8 Fighting
 * Level 2.4 Ranged Weapons
 + Level 2.1 Throwing
 + Level 3.0 Dodging
 * Level 4.0 Stealth
 * Level 2.1 Shields
 + Level 2.8 Unarmed Combat
 + Level 2.7 Spellcasting
 + Level 3.5 Translocations
 + Level 0.8 Poison Magic
 + Level 1.5 Evocations


You had 2 spell levels left.
You knew the following spells:

 Your Spells              Type           Power      Damage    Failure   Level
a - Blink                 Tloc           24%        N/A       10%         2
b - Lesser Beckoning      Tloc           24%        N/A       10%         2
c - Teleport Other        Tloc           12%        N/A       19%         3
d - Poisonous Vapours     Pois/Air       6%         N/A       34%         2

Your spell library contained the following spells:

 Spells                   Type           Power      Damage    Failure   Level
 Sublimation of Blood     Necr           2%         N/A       38%         2
 Portal Projectile        Hex/Tloc       14%        N/A       36%         3
 Vhi's Electric Charge    Tloc/Air       14%        N/A       36%         3
 Manifold Assault         Tloc           12%        N/A       54%         4
 Mephitic Cloud           Conj/Pois/Air  2%         N/A       58%         3
 Tukima's Dance           Hex            2%         N/A       63%         3
 Petrify                  Tmut/Erth      2%         N/A       95%         4
 Blade Hands              Tmut           1%         N/A       100%        5
 Freezing Cloud           Conj/Ice/Air   1%         6-21      100%        5
 Irradiate                Conj/Tmut      1%         3d12      100%        5


Dungeon Overview and Level Annotations

Branches:
Dungeon (5/15)
 Temple: D:4-7

Altars:
Dithmenos
Elyvilon
Fedhas
Hepliaklqana
Wu Jian
Zin

Shops:
D:1 [

Annotations:
D:4 exclusion: phantom, Edmund, Sigmund


Innate Abilities, Weirdness & Mutations

You cannot wear most types of armour.
You are amphibious.
You can wear up to eight rings at the same time.
Your skin changes colour to match your surroundings (Stealth+).
Your rubbery body absorbs attacks. (AC +1, EV +1)
((You are camouflaged when in or above water. (Stealth+)))
You have tentacles for arms and can constrict up to eight enemies at once.


Message History

You constrict the gnoll sergeant. The gnoll sergeant barely misses you.
You tentacle-slap the gnoll sergeant.
You squeeze the gnoll sergeant, but do no damage.
The gnoll sergeant is moderately wounded.
You constrict the gnoll sergeant.
The gnoll sergeant hits you with a +1 vampiric spear.
The gnoll sergeant draws strength from your wounds!
You tentacle-slap the gnoll sergeant but do no damage.
The gnoll sergeant is moderately wounded.
You constrict the gnoll sergeant, but do no damage.
The gnoll sergeant hits you with a +1 vampiric spear.
You tentacle-slap the gnoll sergeant. You squeeze the gnoll sergeant.
The gnoll sergeant is heavily wounded.
You constrict the gnoll sergeant.
The gnoll sergeant hits you with a +1 vampiric spear!
You tentacle-slap the gnoll sergeant but do no damage.
The gnoll sergeant is heavily wounded.
You constrict the gnoll sergeant, but do no damage.
The gnoll sergeant hits you with a +1 vampiric spear!
The gnoll sergeant blocks your attack.
The gnoll sergeant is heavily wounded.
You constrict the gnoll sergeant, but do no damage.
The gnoll sergeant hits you with a +1 vampiric spear!
* * * LOW HITPOINT WARNING * * *
The gnoll sergeant draws strength from your wounds!
You tentacle-slap the gnoll sergeant but do no damage.
The gnoll sergeant blocks your attack.
The gnoll sergeant is heavily wounded.
You constrict the gnoll sergeant.
You tentacle-slap the gnoll sergeant but do no damage.
You squeeze the gnoll sergeant, but do no damage.
The gnoll sergeant is heavily wounded.
You constrict the gnoll sergeant.
The gnoll sergeant hits you with a +1 vampiric spear.
* * * LOW HITPOINT WARNING * * *
You barely miss the gnoll sergeant.
The gnoll sergeant is severely wounded.
You constrict the gnoll sergeant.
The gnoll sergeant hits you with a +1 vampiric spear!
You die...

............###.......#
...##....#.## ##.#...##
'#######....#$#.......#
....###..#.##.##.#..#.#
....##..#### o####...#
...<##.## ..[##..#
.....#..#### #o##...#
.........#.## ##g#....#
....####....# #.@..#.#
....# ###.## ##.##..#
...## #..###.....##
#### ##..#....###
##...#### #####


You could see a gnoll sergeant and an orc.

Vanquished Creatures
  An ogre (D:4)
  A phantom (D:4)
  2 scorpions (D:4)
  An orc priest (D:3)
  An iguana (D:4)
  Ijyb (D:4)
  A gnoll (D:3)
  5 adders
  2 white imps (D:5)
  2 ufetubi (D:5)
  A dart slug (D:2)
  4 orcs (D:3)
  9 endoplasms
  2 giant cockroaches
  5 goblins
  A hobgoblin (D:3)
  4 kobolds
  2 quokkas (D:4)
  5 ball pythons
  6 bats
  2 frilled lizards (D:1)
  7 rats
65 creatures vanquished.

Vanquished Creatures (others)
  A plant (D:5)
1 creature vanquished.

Grand Total: 66 creatures vanquished

Notes
Turn   | Place    | Note
-------+----------+-------------------------------------------
     0 | D:1      | BlueFish the Octopode Warper began the quest for the Orb.
     0 | D:1      | Reached XP level 1. HP: 14/14 MP: 3/3
    52 | D:1      | Reached skill level 1 in Stealth
    52 | D:1      | Reached XP level 2. HP: 12/19 MP: 5/5
   341 | D:1      | Found Nurheofu's Antique Armour Shoppe.
   361 | D:1      | Learned a level 2 spell: Blink
   364 | D:1      | Learned a level 2 spell: Lesser Beckoning
   837 | D:2      | Reached XP level 3. HP: 24/24 MP: 6/6
   934 | D:2      | Reached skill level 2 in Stealth
  1243 | D:3      | Reached XP level 4. HP: 25/29 MP: 7/7
  1248 | D:3      | Learned a level 3 spell: Teleport Other
  1399 | D:3      | Found a faded altar of an unknown god.
  1463 | D:3      | Reached skill level 1 in Ranged Weapons
  1517 | D:3      | Reached skill level 1 in Shields
  1592 | D:3      | Found a white marble altar of Elyvilon.
  1593 | D:3      | Found a shadowy altar of Dithmenos.
  1594 | D:3      | Found a glowing silver altar of Zin.
  1595 | D:3      | Found a blossoming altar of Fedhas.
  1642 | D:3      | Reached XP level 5. HP: 35/35 MP: 8/8
  1995 | D:3      | Found a faded altar of an unknown god.
  1996 | D:3      | Found a hazy altar of Hepliaklqana.
  2114 | D:4      | Noticed a phantom
  2386 | D:4      | Noticed a phantom
  2477 | D:4      | Reached skill level 3 in Stealth
  2591 | D:4      | Noticed Ijyb
  2616 | D:4      | Killed Ijyb
  2806 | D:4      | Reached XP level 6. HP: 33/41 MP: 9/9
  2885 | D:4      | Reached skill level 1 in Evocations
  2888 | D:4      | Learned a level 2 spell: Poisonous Vapours
  3122 | D:4      | Noticed Edmund
  3460 | D:4      | Reached XP level 7. HP: 25/45 MP: 10/10
  3610 | D:4      | Noticed Sigmund
  3933 | D:5      | Entered Level 5 of the Dungeon
  3947 | D:5      | Reached skill level 4 in Stealth
  4152 | D:5      | Found an ornate altar of the Wu Jian Council.
  4218 | D:5      | Slain by a gnoll sergeant

Illustrated notes

Levels and vault maps discovered:
D:1:      dpeg_arrival_simpleton_a, layout_loops_ring, serial_shops,
          nicolae_shop_advertising_works [nicolae_subvault_shop_adworks]
D:2:      layout_basic
D:3:      wad_crossroads, layout_basic, beargit_hepliaklqana_dungeon_heroes,
          mainiacjoe_overflow_alcove_3, nicolae_ecumenical_lake_church,
          reono_crystal_passage
D:4:      layout_layer_cave, uniq_edmund, uniq_ijyb, uniq_sigmund
D:5:      layout_gridville, nicolae_wu_jian_glorious_leap,
          minmay_temple_entry_gardened_gates, minmay_fractal_squares_gapless_5

Skill      XL: |  1  2  3  4  5  6  7 |
---------------+----------------------+-----
Stealth        | 1 2 3 4 |  4.0
Ranged Weapons | 1 2 |  2.4
Shields        | 1 2 |  2.1
Throwing       | 2 |  2.1
Evocations     | 1 |  1.5
Dodging        | 3 |  3.0
Fighting       | |  2.8
Unarmed Combat | |  2.8
Spellcasting   | |  2.7
Translocations | |  3.5
Poison Magic   | |  0.8

Action                     |  1- 3 |  4- 6 |  7- 9 || total
---------------------------+-------+-------+-------++-------
  Melee: Unarmed           |    52 |    81 |    21 ||   154
         Constrict         |    11 |     8 |     4 ||    23
         Tentacles         |     8 |    25 |     4 ||    37
         Punch             |     1 |     3 |       ||     4
   Fire: Sling             |    20 |    77 |     9 ||   106
         Shortbow          |     1 |       |       ||     1
  Throw: Dart              |       |     8 |       ||     8
   Cast: Lesser Beckoning  |       |       |     2 ||     2
   Stab: Sleeping          |     4 |       |       ||     4
 Armour: Skin              |    11 |     2 |     1 ||    14
  Dodge: Dodged            |    25 |    38 |    10 ||    73
  Block: Buckler           |       |     6 |     2 ||     8

Table legend: (Time is in decaauts)
 A = Elapsed time spent in this place.
 B = Non-inter-level travel time spent in this place.
 C = Inter-level travel time spent in this place.
 D = Time resting spent in this place.
 E = Time spent auto-exploring this place.
 F = Levels seen in this place.
 G = Mean time per level.
                   A        B        C        D        E       F      G
               +--------+--------+--------+--------+--------+-----+--------+
         Total |   4221 |   4001 |    220 |      5 |   3315 |   5 |  844.2 |
       Dungeon |   4221 |   4001 |    220 |      5 |   3315 |   5 |  844.2 |
               +--------+--------+--------+--------+--------+-----+--------+

Top non-repeatable levels by time:
     D:4: 1773 daAuts
     D:3: 945 daAuts
     D:1: 727 daAuts
     D:2: 491 daAuts
     D:5: 284 daAuts
